 Dungeon Crawl Stone Soup version 0.29.0-4-gdea44cf6ec (webtiles) character file.

Game seed: 7924284282440163320

94 qw the Ruffian (level 4, -3/36 HPs)
             Began as a Ghoul Fire Elementalist on Aug 29, 2022.
             Slain by a gnoll
             ... wielding a +0 flail
              (9 damage)
             ... on level 3 of the Dungeon.
             The game lasted 00:02:23 (3486 turns).

qw the Ruffian (Ghoul Fire Elementalist)            Turns: 3486, Time: 00:02:24

Health: -3/36      AC:  2    Str: 13    XL:     4   Next: 63%
Magic:  5/5        EV: 12    Int: 10    God:
Gold:   92         SH:  0    Dex:  9    Spells: 5/6 levels left

rFire   . . .      SeeInvis .     - Unarmed
rCold   + . .      Faith    .   (no shield)
rNeg    + + +      Spirit   .   a - +0 robe
rPois   inf        Reflect  .   (no helmet)
rElec   .          Harm     .   (no cloak)
rCorr   .          Rampage  .   (no gloves)
Will    .....                   (no boots)
Stlth   ++........              (no amulet)
HPRegen 0.00/turn               (no ring)
MPRegen 0.09/turn               (no ring)

@: about to teleport, inhibited regen
A: claws 1, cold resistance 1, negative energy resistance 3, inhibited
regeneration, torment resistance 2, devour on kill
a: no special abilities


You were on level 3 of the Dungeon.
You visited 1 branch of the dungeon, and saw 3 of its levels.

You collected 92 gold pieces.


Innate Abilities, Weirdness & Mutations

You are immune to poison.
You have sharp fingernails.
Your flesh is cold resistant. (rC+)
You are immune to negative energy. (rN+++)
You do not regenerate when monsters are visible.
You are immune to unholy pain and torment.
You thrive by killing the living.


   Skills:
 + Level 1.8 Fighting
 - Level 1.7 Dodging
 - Level 2.1 Stealth
 - Level 4.0 Unarmed Combat
 - Level 1.7 Spellcasting
 - Level 0.7 Conjurations
 - Level 2.4 Fire Magic


You had 5 spell levels left.
You knew the following spells:

 Your Spells              Type           Power      Damage    Failure   Level
a - Foxfire               Conj/Fire      16%        2x1d4     17%         1

Your spell library contained the following spells:

 Spells                   Type           Power      Damage    Failure   Level
 Scorch                   Fire           10%        2d5       19%         2
 Conjure Flame            Conj/Fire      4%         6-21      45%         3
 Inner Flame              Hex/Fire       3%         N/A       52%         3
 Flame Wave               Conj/Fire      4%         2d5       86%         4

Inventory:

Armour
 a - a +0 robe (worn)
Scrolls
 b - a scroll of identify
 e - a scroll of enchant weapon
 Y - a scroll of teleportation
Potions
 c - a potion of lignification {unknown}
 f - a potion of haste {unknown}
 g - a potion of flight {unknown}
 h - a potion of might {unknown}

Dungeon Overview and Level Annotations

Branches:
Dungeon (3/15)

Altars:
Fedhas
Sif Muna

Annotations:
D:2 1 runed translucent door, Crazy Yiuf


Message History

The worm is almost dead.
The worm completely misses you.
You scratch the worm.
You kill the worm!
You start resting.
You hear the slow rusting of a drain very nearby.
A gnoll comes into view. It is wielding a +0 flail.
3467 ||| Stepping ~*~*~tactically~*~*~ (stealth).
You start resting.
A gnoll is nearby!
3475 ||| Stepping ~*~*~tactically~*~*~ (stealth). 2 gnolls come into view.
The gnoll shouts!
There is an open door here.
3476 ||| Stepping ~*~*~tactically~*~*~ (stealth).
You start resting.
You hear the rusting of a drain very nearby.
A gnoll is nearby!
The gnoll barely misses you.
There is an open door here.
The gnoll shouts!
The gnoll hits you with a +0 halberd!
The gnoll shouts!
You scratch the gnoll but do no damage. The gnoll hits you with a +0 halberd.
You completely miss the gnoll. The gnoll hits you with a +0 halberd!
You scratch the gnoll but do no damage. Your claw misses the gnoll.
The gnoll barely misses you.
You barely miss the gnoll. The gnoll hits you with a +0 flail.
The gnoll barely misses you.
3485 ||| READING 2 scrolls of teleportation.
As you read the scroll of teleportation, it crumbles to dust.
You feel strangely unstable. The gnoll hits you with a +0 flail.
The gnoll completely misses you. The gnoll misses you.
You scratch the gnoll.
The gnoll is heavily wounded.
The gnoll closely misses you. The gnoll hits you with a +0 flail!
You die...

.....# ~~ ?.....
.....##~~
..>...##....~~~.
#.....#....~~.. #.
#.....#........
##.##.....#....~~~.
.........g#....~~..
###.#....g.#....#
........g@'%...#
..........##.......
#.......## ......#
#. #...##..# .......
#..
#...+...#.....####
#..###...#.........#
....................
.....#..##.........
..
P..................
...


You could see 3 gnolls.

Vanquished Creatures
  3 adders (D:2)
  4 worms
  2 dart slugs (D:1)
  6 ball pythons
  9 bats
  6 endoplasms
  A giant cockroach (D:1)
  A goblin (D:1)
  5 hobgoblins
  A jackal (D:2)
  2 kobolds
  2 quokkas
  A frilled lizard (D:1)
  4 rats
47 creatures vanquished.

Vanquished Creatures (others)
  9 plants (D:3)
9 creatures vanquished.

Grand Total: 56 creatures vanquished

Notes
Turn   | Place    | Note
-------+----------+-------------------------------------------
     0 | D:1      | qw the Ghoul Fire Elementalist began the quest for the Orb.
     0 | D:1      | Reached XP level 1. HP: 14/14 MP: 2/2
     0 | D:1      | 0 ||| qw: Version: 0.1-a-90-g952f4b7
     0 | D:1      | 0 ||| qw: Game counter: 4083
     0 | D:1      | 0 ||| qw: Always use a shield: true
     0 | D:1      | 0 ||| qw: God list: Okawaru
     0 | D:1      | 0 ||| qw: Allow faded altars: false
     0 | D:1      | 0 ||| qw: Do Orc after D:15 true
     0 | D:1      | 0 ||| qw: Do second Lair branch before Depths: true
     0 | D:1      | 0 ||| qw: Lair rune preference: random
     0 | D:1      | 0 ||| qw: Plans: Normal
     0 | D:1      | 0 ||| PLANNING D:1-11
    86 | D:1      | 86 ||| Stepping ~*~*~tactically~*~*~ (hiding).
   188 | D:1      | 188 ||| Stepping ~*~*~tactically~*~*~ (hiding).
   189 | D:1      | 189 ||| Stepping ~*~*~tactically~*~*~ (hiding).
   201 | D:1      | Reached skill level 1 in Unarmed Combat
   444 | D:1      | Reached skill level 1 in Fighting
   444 | D:1      | Reached XP level 2. HP: 22/23 MP: 3/3
   519 | D:1      | 519 ||| Stepping ~*~*~tactically~*~*~ (stealth).
   520 | D:1      | 520 ||| Stepping ~*~*~tactically~*~*~ (stealth).
   531 | D:1      | 531 ||| Stepping ~*~*~tactically~*~*~ (stealth).
   628 | D:1      | Found a faded altar of an unknown god.
   628 | D:1      | Noticed a shadow demon
   748 | D:1      | Reached skill level 2 in Unarmed Combat
   902 | D:1      | 902 ||| Stepping ~*~*~tactically~*~*~ (stealth).
   912 | D:1      | Reached XP level 3. HP: 21/28 MP: 4/4
   920 | D:1      | 920 ||| Stepping ~*~*~tactically~*~*~ (stealth).
   940 | D:1      | 940 ||| Stepping ~*~*~tactically~*~*~ (stealth).
   986 | D:1      | 986 ||| Stepping ~*~*~tactically~*~*~ (stealth).
  1053 | D:1      | 1053 ||| Stepping ~*~*~tactically~*~*~ (stealth).
  1561 | D:1      | 1561 ||| READING scroll labelled JATORH KIECHI.
  1562 | D:1      | 1562 ||| READING scroll labelled ERO RY BAUF.
  1563 | D:1      | 1563 ||| READING scroll labelled EPAALE BIUCK.
  1564 | D:1      | 1564 ||| DROPPING potion of magic.
  1668 | D:2      | Found a runed translucent door.
  1669 | D:2      | Noticed Crazy Yiuf
  1704 | D:2      | HP: 6/28 [worm (10)]
  1998 | D:2      | Reached skill level 3 in Unarmed Combat
  2322 | D:2      | Reached XP level 4. HP: 18/35 MP: 5/5
  2688 | D:2      | Reached skill level 4 in Unarmed Combat
  2819 | D:2      | 2819 ||| FLEEEEING.
  3146 | D:2      | 3146 ||| READING scroll labelled LIUFUN MEOFF.
  3147 | D:2      | 3147 ||| READING scroll labelled RERUSCH FIPED.
  3148 | D:2      | 3148 ||| READING 2 scrolls labelled BONNYMI MIDUHE.
  3225 | D:3      | 3225 ||| PLANNING SEWER
  3288 | D:3      | Found a shimmering blue altar of Sif Muna.
  3312 | D:3      | Found a blossoming altar of Fedhas.
  3467 | D:3      | 3467 ||| Stepping ~*~*~tactically~*~*~ (stealth).
  3475 | D:3      | 3475 ||| Stepping ~*~*~tactically~*~*~ (stealth).
  3476 | D:3      | 3476 ||| Stepping ~*~*~tactically~*~*~ (stealth).
  3484 | D:3      | HP: 8/36 [gnoll/+0 flail (5)]
  3485 | D:3      | 3485 ||| READING 2 scrolls of teleportation.
  3486 | D:3      | Slain by a gnoll

Levels and vault maps discovered:
D:1:      elethiomel_arrival_infinity_welcomes_careful_drivers, layout_basic,
          dreamdust_ecumenical_altar_sealed_demon
D:2:      layout_loops_ring, st_stairs_12, grunt_decor_fettered,
          uniq_crazy_yiuf_cottage
D:3:      layout_basic, mainiacjoe_overflow_catch_the_wave,
          cheibrodos_sewer_entry_sluice, chequers_serial_rivers_large_a

Skill      XL: |  1  2  3  4 |
---------------+-------------+-----
Unarmed Combat | 1 2 3 4 |  4.0
Fighting       | 1 |  1.8
Dodging        | |  1.7
Stealth        | |  2.1
Spellcasting   | |  1.7
Conjurations   | |  0.7
Fire Magic     | |  2.4

Action                   |  1- 3 |  4- 6 || total
-------------------------+-------+-------++-------
Melee: Unarmed           |   155 |    61 ||   216
       Punch             |     4 |     2 ||     6
  Use: Scroll            |     3 |     4 ||     7
Armor: Robe              |    37 |     8 ||    45
Dodge: Dodged            |    74 |    42 ||   116

Table legend:
 A = Non-vault XP
 B = Vault XP
 C = Vault XP percentage of total XP
 D = Non-vault monster count
 E = Vault monster count
 F = Vault count percentage of total count
                 A         B        C        D         E       F
            +---------+---------+-------+---------+---------+-------
      Total |     126 |       9 |   6.7 |      44 |       3 |   6.4
            +---------+---------+-------+---------+---------+-------
        D:1 |      39 |       0 |   0.0 |      19 |       0 |   0.0
        D:2 |      82 |       2 |   2.4 |      22 |       1 |   4.3
        D:3 |       5 |       7 |  58.3 |       3 |       2 |  40.0
            +---------+---------+-------+---------+---------+-------
